 Dungeon Crawl Stone Soup version 0.17-a0-2122-g03d97ec (webtiles) character file.

74895 Adamkad1 the Fighter (level 15, -3/238 HPs)
             Began as a Troll Monk on Oct 19, 2015.
             Slain by an azure jelly (28 damage)
             ... on level 8 of the Lair of Beasts on Oct 20, 2015.
             The game lasted 02:41:58 (26442 turns).

Adamkad1 the Fighter (Troll Monk)                  Turns: 26442, Time: 02:41:58

Health: -3/238     AC: 23    Str: 32 (34) XL:     15   Next: 8%
Magic:  19/19      EV:  1    Int:  8      God:
Gold:   1381       SH:  0    Dex: 16 (17) Spells: 2 memorised, 11 levels left

rFire  . . .     SeeInvis .     L - +8 quarterstaff of Res Nullius {vamp, Str+6 Int+2}
rCold  . . .     Clarity  +     (armour currently unavailable)
rNeg   + + +     SustAt   .     (no shield)
rPois  +         Gourm    +     (helmet currently unavailable)
rElec  .         Spirit   .     (cloak currently unavailable)
rCorr  .         Warding  .     (gloves unavailable)
rMut   .         NoTele   +     (boots unavailable)
MR     ++...                    (no amulet)
Stlth  ++........               z - ring of protection from magic
                                c - +5 ring of dexterity

@: tree-form, corroded equipment, very resistant to hostile enchantments,
unstealthy
A: unfitting armour, (claws 0), (thin metallic scales 0), clarity, deterioration
1, fast metabolism 3, gourmand, regeneration 2, (shaggy fur 0), spit poison 1,
(tough skin 0), MP-powered wands
a: Spit Poison


You were on level 8 of the Lair of Beasts.
You were not hungry.
You were a tree.
You visited 4 branches of the dungeon, and saw 24 of its levels.
You also visited: Ice Cave.

You collected 1381 gold pieces.

Inventory:

Hand Weapons
 t - the +3 flail of the Fifty Dances {crush, MR- Dex+7}
   (You found it on level 4 of the Dungeon)

   It inflicts extra damage upon your enemies.
   It affects your dexterity (+7).
   It affects your resistance to hostile enchantments.
 u - a +2 demon whip of electrocution
 L - the +8 quarterstaff of Res Nullius (weapon) {vamp, Str+6 Int+2}
   (You found it on level 6 of the Dungeon)

   It inflicts no extra harm, but heals its wielder somewhat when it strikes a
   living foe.
   It affects your strength (+6).
   It affects your intelligence (+2).
Armour
 p - a +2 pearl dragon armour (melded)
 B - a +1 cloak of cold resistance (melded)
 Q - a +0 swamp dragon armour
 S - a +0 hat (melded)
Jewellery
 c - a +5 ring of dexterity (left branch)
 m - an uncursed ring of magical power
 z - a ring of protection from magic (right branch)
 I - an uncursed amulet of stasis
 M - an uncursed ring of protection from cold
 Y - an uncursed ring of protection from fire
Wands
 a - a wand of slowing (5)
 e - a wand of digging (7)
 g - a wand of teleportation (3)
 h - a wand of polymorph (19)
 n - a wand of frost (9)
 D - a wand of slowing (19)
 G - a wand of confusion (32)
 J - a wand of flame (14)
 K - a wand of draining (0)
 N - a wand of fire (10)
 O - a wand of hasting (1)
 T - a wand of magic darts (13)
 W - a wand of invisibility (0)
 Z - a wand of lightning (0)
Scrolls
 o - 13 scrolls of teleportation
 s - 4 scrolls of enchant weapon
 E - a scroll of fear
 P - a scroll of silence
 V - a scroll of magic mapping
Potions
 d - 2 potions of magic
 f - 2 potions of lignification
 i - 9 potions of curing
 j - 2 potions of agility
 q - a potion of flight
 x - 3 potions of haste
 C - a potion of might
 X - a potion of cancellation
Books
 U - a book of the Sky

   Spells                             Type                      Level
   a - Summon Lightning Spire         Summoning/Air                4
   b - Airstrike                      Air                          4
   c - Silence                        Hexes/Air                    5
   d - Deflect Missiles               Charms/Air                   6
   e - Conjure Ball Lightning         Conjuration/Air              6
   f - Tornado                        Air                          9
Miscellaneous
 v - a crystal ball of energy
 w - a stone of tremors
 y - a box of beasts
 R - a disc of storms
Comestibles
 b - 9 bread rations
 k - 13 meat rations
 F - 26 fruits


   Skills:
 + Level 13.0 Fighting
 + Level 12.9 Staves
 * Level 8.9 Armour
 - Level 3.2 Dodging
 - Level 1.1 Stealth
 - Level 9.2 Unarmed Combat
 * Level 7.1 Evocations


You had 11 spell levels left.
You knew the following spells:

 Your Spells              Type           Power        Failure   Level  Hunger
a - Magic Dart            Conj           #...         43%         1    ##.....
b - Searing Ray           Conj           #.....       69%         2    ###....


Dungeon Overview and Level Annotations

Branches:
Dungeon (13/15)            Temple (1/1) D:4            Lair (8/8) D:9
  Swamp (0/4) Lair:4        Snake (0/4) Lair:3        Slime (2/6) Lair:8
    Orc (0/4) D:10
 Vaults: D:13-14

Altars:
Ashenzari
Cheibriados
Dithmenos
Elyvilon
Fedhas
Gozag
Kikubaaqudgha
Makhleb
Nemelex Xobeh
Okawaru
Qazlal
Ru
Sif Muna
Trog
Vehumet
Xom
Yredelemnul
Zin
The Shining One

Annotations:
D:13 Frances, Kirke
Lair:4 1 exclusion
Lair:5 exclusion: 2 oklob plants


Innate Abilities, Weirdness & Mutations

You are too large for most types of armour.
((You have claws for hands.))
Your metabolism is lightning-fast.
You like to eat raw meat.
You heal very quickly.
((You are covered in fur (AC +1).))
((You have very tough skin (AC +2).))
((You are partially covered in thin metallic scales (AC +2).))
You possess an exceptional clarity of mind.
Your body sometimes deteriorates upon taking damage.
You can spit weak poison.
You expend magic power (3 MP) to strengthen your wands.


Message History

The azure jelly hits you but does no damage. x2
Drink which item? (? for menu, Esc to quit)
You feel better.
The azure jelly hits you but does no damage. x2
The azure jelly completely misses you.
The azure jelly hits you but does no damage.
The jelly hits you but does no damage. The slime creature hits you!
* * * LOW HITPOINT WARNING * * *
Unknown command.
Drink which item? (? for menu, Esc to quit)
Okay, then.
Read which item? (? for menu, Esc to quit)
You cannot teleport because you are held in place by your roots.
Drink which item? (? for menu, Esc to quit)
Okay, then.
Drink which item? (? for menu, Esc to quit)
You feel better. The azure jelly hits you.
* * * LOW HITPOINT WARNING * * *
The azure jelly freezes you!!
You die...

...#.##P.........
......#P.........
........P........
.................
.................
P....#.....#.....
.................
.......J.........
PP..#...♣J..#....
##.....J.........
#...............
#...#.....#.....
#.......#.......
................
#..#............
######..........
###........


You could see an azure jelly, a slime creature and a jelly.

Vanquished Creatures
  2 azure jellies (Slime:1)
  Snorg (D:10)
  A fire dragon (Lair:2)
  The ghost of twist the Unseen, a journeyman KoAr of Ru (IceCv)
  7 hydras
  Erica (D:8)
  5 death yaks
  Sonja (D:11)
  Nergalle (D:12)
  A fire crab (Lair:7)
  2 ice devils (IceCv)
  A swamp dragon (Lair:4)
  2 hill giants
  2 ice statues (IceCv)
  2 lindwurms
  2 griffons
  A manticore (D:12)
  17 elephants
  Maurice (D:8)
  5 black mambas
  5 centaur skeletons
  3 gargoyles
  7 komodo dragons
  15 spiny frogs
  3 trolls
  A spriggan druid (Lair:4)
  6 polar bears
  The ghost of Arkorax the Shield-Bearer, an amateur FoFi of Zin (D:4)
  Prince Ribbit (Lair:3)
  15 slime creatures
  A trapdoor spider (D:11)
  6 blue devils (IceCv)
  24 blink frogs
  2 wyverns
  3 basilisks
  A spriggan (Lair:3)
  51 yaks
  A hungry ghost (D:10)
  11 hippogriffs
  6 hogs (D:13)
  2 hill giant zombies (D:10)
  5 vampire mosquitoes
  2 golden eyes (Lair:8)
  9 wolves
  2 nagas (Lair:3)
  8 porcupines
  2 wargs
  4 orc warriors
  3 ice beasts
  A necrophage (D:8)
  12 water moccasins
  4 eyes of draining
  8 ogres
  12 black bears
  8 sky beasts
  16 centaurs
  3 phantoms
  5 big kobolds
  12 crocodiles
  23 giant frogs
  2 wyvern zombies
  7 scorpions
  4 wights (D:7)
  3 wyvern skeletons
  9 killer bees
  An electric eel (Lair:2)
  4 centaur zombies
  6 crimson imps
  9 jellies
  3 giant frog skeletons
  12 orc priests
  3 giant frog zombies
  7 iguanas
  6 hounds
  Jessica (D:2)
  Natasha (thrice) (D:2)
  14 orc wizards
  24 sheep
  10 worker ants
  4 ogre zombies (D:10)
  A hound zombie (D:9)
  Robin (D:2)
  3 gnolls (D:9)
  51 river rats
  15 adders
  A shadow imp (D:8)
  10 white imps (IceCv)
  5 ufetubi (IceCv)
  4 oozes
  2 adder zombies
  An adder skeleton (D:4)
  6 worms
  50 orcs
  12 giant cockroaches
  11 goblins
  9 hobgoblins
  25 jackals
  21 kobolds
  3 quokkas
  A ball python (D:3)
  9 bats
  5 giant geckos
  6 giant newts
  4 goblin zombies (D:10)
  4 hobgoblin skeletons (D:10)
  A jackal zombie (D:5)
  An orc skeleton (D:10)
  10 orc zombies (D:10)
  A quokka skeleton (D:4)
  4 rats
  2 butterflies (D:9)
  A plant (Lair:6)
772 creatures vanquished.

Vanquished Creatures (others)
  2 ufetubi (IceCv)
  A giant newt (Lair:4)
  21 fungi
  21 plants
45 creatures vanquished.

Grand Total: 817 creatures vanquished

Notes
Turn   | Place    | Note
--------------------------------------------------------------
     0 | D:1      | Adamkad1 the Troll Monk began the quest for the Orb.
     0 | D:1      | Reached XP level 1. HP: 22/22 MP: 0/0
   132 | D:1      | Gained mutation: You possess an exceptional clarity of mind. [potion of beneficial mutation]
   133 | D:1      | Lost mutation: You possess an exceptional clarity of mind. [potion of cure mutation]
   152 | D:1      | Reached XP level 2. HP: 29/29 MP: 1/1
   819 | D:2      | Reached XP level 3. HP: 36/36 MP: 2/2
   823 | D:2      | Noticed Robin
   840 | D:2      | Killed Robin
   942 | D:2      | Found a blossoming altar of Fedhas.
  1018 | D:2      | Reached XP level 4. HP: 42/45 MP: 3/3
  1168 | D:2      | Noticed Natasha
  1178 | D:2      | Killed Natasha
  1339 | D:2      | Noticed Natasha
  1348 | D:2      | Killed Natasha
  1419 | D:2      | Reached skill level 5 in Unarmed Combat
  1419 | D:2      | Reached XP level 5. HP: 51/53 MP: 4/4
  1483 | D:2      | Found a basalt altar of Yredelemnul.
  1483 | D:2      | Found an ancient bone altar of Kikubaaqudgha.
  1483 | D:2      | Found a burning altar of Makhleb.
  1541 | D:2      | Noticed Jessica
  1583 | D:2      | Killed Jessica
  2048 | D:3      | Reached XP level 6. HP: 44/62 MP: 5/5
  2100 | D:3      | Noticed an ogre
  2118 | D:3      | Killed an ogre
  2138 | D:3      | Reached skill level 6 in Unarmed Combat
  2235 | D:3      | Noticed a water moccasin
  2262 | D:2      | Noticed Natasha
  2283 | D:2      | Killed Natasha
  2611 | D:3      | Killed a water moccasin
  2611 | D:3      | Reached XP level 7. HP: 61/71 MP: 6/6
  2655 | D:3      | Noticed a sky beast
  2683 | D:3      | Killed a sky beast
  2715 | D:3      | Gained mutation: You are weak. (Str -2) [mutagenic meat]
  2717 | D:3      | Gained mutation: You possess an exceptional clarity of mind. [mutagenic meat]
  2718 | D:3      | Lost mutation: You are weak. (Str -2) [mutagenic meat]
  2719 | D:3      | Gained mutation: You regenerate. [mutagenic meat]
  2892 | D:3      | Found a shadowy altar of Dithmenos.
  2920 | D:3      | Reached skill level 5 in Fighting
  2939 | D:4      | Reached skill level 7 in Unarmed Combat
  3016 | D:4      | Noticed Arkorax's ghost (amateur FoFi)
  3118 | D:4      | Killed Arkorax's ghost
  3118 | D:4      | Reached XP level 8. HP: 83/83 MP: 7/7
  3307 | D:4      | Found a staircase to the Ecumenical Temple.
  3320 | Temple   | Entered the Ecumenical Temple
  3479 | D:4      | Reached skill level 8 in Unarmed Combat
  3486 | D:4      | Got a crystal flail
  3867 | D:5      | Entered Level 5 of the Dungeon
  4167 | D:5      | Found a sparkling altar of Nemelex Xobeh.
  5031 | D:6      | Reached skill level 9 in Unarmed Combat
  5157 | D:6      | Got a bloodstained quarterstaff
  5223 | D:6      | Identified the +8 quarterstaff of Res Nullius {vamp, Str+6 Int+2} (You found it on level 6 of the Dungeon)
  5224 | D:6      | Identified the +3 flail of the Fifty Dances {crush, MR- Dex+7} (You found it on level 4 of the Dungeon)
  5271 | D:6      | Found an opulent altar of Gozag.
  5305 | D:6      | Reached XP level 9. HP: 63/93 MP: 8/8
  5833 | D:6      | Found a snail-covered altar of Cheibriados.
  6051 | D:7      | Found a glowing silver altar of Zin.
  6109 | D:6      | Reached skill level 1 in Evocations
  6112 | D:6      | Reached skill level 1 in Armour
  6205 | D:6      | Reached skill level 1 in Staves
  6835 | D:8      | Found a radiant altar of Vehumet.
  7133 | D:8      | Gained mutation: You have large cloven feet. [mutagenic meat]
  7134 | D:8      | Gained mutation: You are partially covered in thin metallic scales (AC +2). [mutagenic meat]
  7135 | D:8      | Gained mutation: Your body sometimes deteriorates upon taking damage. [mutagenic meat]
  7136 | D:8      | Lost mutation: You have large cloven feet. [mutagenic meat]
  7137 | D:8      | Gained mutation: You have a pair of small antennae on your head. [mutagenic meat]
  7167 | D:8      | Reached XP level 10. HP: 105/105 MP: 10/10
  7210 | D:8      | Noticed Maurice
  7220 | D:8      | Killed Maurice
  7587 | D:8      | Learned a level 1 spell: Magic Dart
  7590 | D:8      | Learned a level 2 spell: Searing Ray
  7704 | D:9      | Found a staircase to the Lair.
  7706 | D:9      | Noticed Erica
  7877 | D:8      | Reached skill level 5 in Staves
  7886 | D:8      | Killed Erica
  8846 | D:9      | Found a runed door.
  8860 | D:9      | Lost mutation: You have a pair of small antennae on your head. [mutagenic meat]
  8863 | D:9      | Found a runed door.
  9148 | D:10     | Entered Level 10 of the Dungeon
  9555 | D:10     | Reached XP level 11. HP: 115/115 MP: 12/12
  9606 | D:10     | Found a staircase to the Orcish Mines.
  9930 | D:10     | Noticed Snorg
  9942 | D:10     | Noticed a hill giant
  9979 | D:10     | Killed a hill giant
 10084 | D:10     | Killed Snorg
 10113 | D:10     | Gained mutation: You expend magic power (3 MP) to strengthen your wands. [mutagenic glow]
 10416 | D:10     | Reached skill level 10 in Fighting
 11166 | D:11     | Noticed a hill giant
 11190 | D:11     | Killed a hill giant
 11499 | D:11     | Lost mutation: You regenerate. [mutagenic meat]
 11500 | D:11     | Gained mutation: You can spit weak poison. [mutagenic meat]
 11569 | D:11     | Noticed Sonja
 11631 | D:11     | Killed Sonja
 11631 | D:11     | Reached XP level 12. HP: 108/127 MP: 1/13
 12085 | D:12     | Found an iron altar of Okawaru.
 13088 | D:12     | Noticed Nergalle
 13361 | D:13     | Noticed Kirke
 13697 | D:13     | Noticed a centaur warrior
 13727 | D:13     | Reached skill level 10 in Staves
 13739 | D:13     | Noticed a centaur warrior
 13818 | D:13     | Noticed Frances
 13915 | D:12     | Killed Nergalle
 13915 | D:12     | Reached skill level 11 in Fighting
 14047 | Lair:1   | Entered Level 1 of the Lair of Beasts
 14377 | Lair:1   | Noticed a seven-headed hydra
 14408 | Lair:1   | Killed a seven-headed hydra
 14408 | Lair:1   | Reached skill level 5 in Armour
 15248 | Lair:2   | Noticed a five-headed hydra
 15292 | Lair:2   | Killed a five-headed hydra
 15469 | Lair:2   | Noticed a fire dragon
 15498 | Lair:2   | Killed a fire dragon
 15989 | Lair:2   | Reached XP level 13. HP: 126/137 MP: 15/15
 16010 | Lair:2   | Upgraded the game from 0.17-a0-2108-g65e8068 to 0.17-a0-2115-g0d8b93e
 16267 | Lair:2   | HP: 1/137 [yak (12)]
 16609 | Lair:3   | Found a frozen archway.
 16618 | IceCv    | Entered an ice cave
 16629 | IceCv    | Noticed twist's ghost (journeyman KoAr)
 16643 | IceCv    | Killed twist's ghost
 16911 | IceCv    | Reached skill level 5 in Evocations
 17344 | IceCv    | Got a slimy mace
 18055 | Lair:3   | Noticed Prince Ribbit
 18074 | Lair:3   | Found a staircase to the Snake Pit.
 18195 | Lair:3   | Killed Prince Ribbit
 18270 | Lair:3   | Reached skill level 12 in Fighting
 18933 | Lair:4   | Found a staircase to the Swamp.
 20824 | Lair:5   | Reached XP level 14. HP: 149/149 MP: 17/17
 23069 | Lair:6   | Identified the cursed +1 mace of Bodily Harmony {antimagic, MR+ SInv} (You found it in an ice cave)
 24178 | Lair:7   | Identified 2 scrolls of acquirement
 24187 | Lair:7   | Got a twitching wooden ring
 24189 | Lair:7   | Identified the ring of Secrets {*Drain +Fly Int+2 Stlth+} (You acquired it on level 7 of the Lair of Beasts)
 24637 | Lair:7   | Upgraded the game from 0.17-a0-2115-g0d8b93e to 0.17-a0-2122-g03d97ec
 25158 | Lair:8   | Entered Level 8 of the Lair of Beasts
 25253 | Lair:8   | Found a staircase to the Slime Pits.
 25507 | Slime:1  | Entered Level 1 of the Pits of Slime
 25866 | Slime:1  | Noticed an azure jelly
 25882 | Slime:1  | Killed an azure jelly
 25882 | Slime:1  | Reached XP level 15. HP: 158/158 MP: 19/19
 25934 | Slime:1  | Noticed an azure jelly
 25946 | Slime:1  | Killed an azure jelly
 25968 | Slime:1  | Reached skill level 13 in Fighting
 26295 | Slime:2  | Noticed an acid blob
 26295 | Slime:2  | Noticed an azure jelly
 26442 | Lair:8   | Slain by an azure jelly

Vault maps used:
D:1:      dpeg_arrival_simpleton_c
D:2:      minitemple, fedhas_altar_2, uniq_natasha, uniq_robin, uniq_jessica
D:3:      nicolae_overflow_hidden_temple
D:4:      temple_hall, kennysheep_opposing_triangles
D:5:      first_bread, hangedman_abyss_or_decor_lesser_grid,
          nemelex_spade_bored_becter
D:6:      kennysheep_mini, lemuel_round_altar
D:7:      lemuel_crystal_altar
D:8:      vehumet_crystals, uniq_maurice
D:9:      lemuel_insect_pit, erik_lair_orcish_takeover, uniq_erica
D:10:     zombieorc1_lemuel, blue_anna_alchemist, uniq_snorg
D:11:     minmay_strange_pillars, uniq_sonja
D:12:     basic_altar, uniq_nergalle
D:13:     yredelemnul_altar_generic, uniq_frances, uniq_kirke
Temple:   triangle_lava_temple_11
Lair:1:   disabler_island
Lair:2:   dragon1_lemuel, serial_bayou_shore_a
Lair:3:   beast_lair_carwin_large_1, guppyfry_snake_entry_island,
          portal_ice_cave_entry_pillars_01, grunt_forest_stairs_clearing,
          uniq_prince_ribbit2
Lair:4:   minmay_swamp_entry_reptiles, kilobyte_rumbling_trees
Lair:5:   minmay_lair_oklob_chamber
Lair:7:   minivault_23, grunt_megastairs_2
Lair:8:   minmay_lair_end_frog_pond, nicolae_slime_entry_slimehenge
IceCv:    ice_cave_small_demon

Action                   |  1- 3 |  4- 6 |  7- 9 | 10-12 | 13-15 || total
-------------------------+-------+-------+-------+-------+-------++-------
Melee: Unarmed           |    83 |   157 |   175 |       |       ||   415
       Quarterstaff      |       |       |   202 |  1028 |  1445 ||  2675
 Abil: Evoke Flight      |       |       |       |       |     1 ||     1
Evoke: Wand              |       |       |       |    40 |    25 ||    65
  Use: Potion            |     6 |     4 |     8 |     9 |    12 ||    39
       Scroll            |       |    10 |    13 |    17 |    12 ||    52
 Stab: Sleeping          |     1 |     2 |     4 |     4 |     2 ||    13
       Distracted        |       |       |       |     1 |       ||     1
       Invisible         |       |       |       |       |     5 ||     5
  Eat: Chunk             |    14 |    16 |    53 |    81 |    81 ||   245
       Beef jerky        |       |       |     1 |       |     7 ||     8
       Meat ration       |       |       |     1 |       |       ||     1
       Bread ration      |       |       |       |     1 |     1 ||     2
       Fruit             |       |       |       |       |     2 ||     2
       Pizza             |       |       |       |       |     2 ||     2
